 Dungeon Crawl Stone Soup version 0.19-a0-1908-g43c011f (webtiles) character file.

201 Leibowitz the Chopper (level 5, 0/42 HPs)
             Began as a Demigod Gladiator on Oct 22, 2016.
             Slain by Sigmund
             ... wielding a +0 scythe
              (11 damage)
             ... on level 4 of the Dungeon.
             The game lasted 00:07:30 (2539 turns).

Leibowitz the Chopper (Demigod Gladiator)           Turns: 2539, Time: 00:07:31

Health: 0/42       AC: 12    Str: 19 (20) XL:     5   Next: 25%
Magic:  7/7        EV:  9    Int:  9 (12) God:
Gold:   113        SH:  0    Dex: 21 (22) Spells: 0 memorised, 4 levels left

rFire  . . .     SeeInvis .     a - +0 war axe
rCold  . . .     Gourm    .     D - +0 chain mail
rNeg   . . .     Faith    .     (no shield)
rPois  .         Spirit   .     c - +0 helmet
rElec  .         Reflect  .     (no cloak)
rCorr  .         Harm     .     i - +0 pair of gloves
MR     .....                    y - +1 pair of boots
Stlth  ..........               (no amulet)
                                (no ring)
                                e - +6 ring of dexterity

@: no status effects
A: high mp 1
a: no special abilities


You were on level 4 of the Dungeon.
You were hungry.

You visited 1 branch of the dungeon, and saw 4 of its levels.

You collected 113 gold pieces.

Inventory:

Hand Weapons
 a - a +0 war axe (weapon)
Missiles
 d - 2 throwing nets (quivered)
Armour
 c - a +0 helmet (worn)
 i - a +0 pair of gloves (worn)
 y - a +1 pair of boots (worn)
 D - a +0 chain mail (worn)
Jewellery
 e - a +6 ring of dexterity (left hand)
Wands
 w - a wand of enslavement (15/24)
Scrolls
 g - 4 scrolls of identify
 k - a scroll of blinking
 s - 2 scrolls of enchant armour
Potions
 h - a potion of cure mutation
 q - 2 potions of flight
Comestibles
 b - 2 fruits
 f - 6 bread rations
 j - a beef jerky
 x - a royal jelly


   Skills:
 * Level 2.4 Fighting
 * Level 4.4 Axes
 + Level 1.7 Throwing
 * Level 1.4 Armour
 * Level 3.4 Dodging
 + Level 0.8 Stealth


You had 4 spell levels left.
You didn't know any spells.

Dungeon Overview and Level Annotations

Branches:
Dungeon (4/15)
 Temple: D:4-7

Annotations:
D:4 Jorund's ghost, amateur DsGl; Sigmund


Innate Abilities, Weirdness & Mutations

You have an increased reservoir of magic. (+10% MP)


Message History

A magic dart appears from out of thin air!
The magic dart hits you!
You hear some strange, mumbled words.
A puff of flame appears from out of thin air!
The puff of flame hits you!
Okay, then.
You slash something! Something hits you.
* * * LOW HITPOINT WARNING * * *
You closely miss something.
You hear some strange, mumbled words.
A magic dart appears from out of thin air!
The magic dart hits you!
* * * LOW HITPOINT WARNING * * *
Something hits you but does no damage.
You hit something. Something hits you but does no damage.
You barely miss something.
You hear some strange, mumbled words.
A magic dart appears from out of thin air!
The magic dart hits you! Something hits you!
You die...

## ..##### #######
#......##$....##
#..............##
................#
................#
................#
.......@........#
................#
................#
#..............##
#......##......###
#.##### ######...#
# #.#.## #.#..##
..##..#


There were no monsters in sight!

Vanquished Creatures
  A scorpion (D:4)
  An orc priest (D:3)
  Ijyb (D:3)
  3 adders
  An ooze (D:3)
  A worm (D:2)
  2 leopard geckos (D:3)
  9 orcs
  3 ball pythons
  2 giant cockroaches
  4 goblins
  4 hobgoblins (D:1)
  4 jackals (D:2)
  5 kobolds
  2 quokkas (D:3)
  5 bats
  3 frilled lizards
  7 rats
58 creatures vanquished.

Notes
Turn   | Place    | Note
-------+----------+-------------------------------------------
     0 | D:1      | Leibowitz the Demigod Gladiator began the quest for the Orb.
     0 | D:1      | Reached XP level 1. HP: 17/17 MP: 3/3
   281 | D:1      | Reached skill level 3 in Axes
   284 | D:1      | Reached XP level 2. HP: 24/24 MP: 4/4
   875 | D:2      | Reached XP level 3. HP: 19/29 MP: 5/5
  1071 | D:2      | Found a glowing silver altar of Zin.
  1143 | D:2      | Found a bloodstained altar of Trog.
  1255 | D:2      | Found a snail-covered altar of Cheibriados.
  1423 | D:3      | Found a stormy altar of Qazlal.
  1610 | D:3      | Noticed Ijyb
  1615 | D:3      | Killed Ijyb
  1615 | D:3      | Reached skill level 1 in Armour
  1615 | D:3      | Reached XP level 4. HP: 35/36 MP: 6/6
  1692 | D:3      | Reached skill level 4 in Axes
  2128 | D:4      | Reached XP level 5. HP: 36/42 MP: 7/7
  2234 | D:4      | Noticed Jorund's ghost (amateur DsGl)
  2525 | D:4      | Noticed Sigmund
  2539 | D:4      | Slain by Sigmund

Vault maps used:
D:1:      dpeg_arrival_erosion
D:2:      zin_academy, lemuel_doored_altar, trog_three_pillars_becter
D:3:      old_standard_altar, first_bread, uniq_iyjb
D:4:      uniq_sigmund

Skill      XL: |  1  2  3  4 |
---------------+-------------+-----
Axes           | 3 4 |  4.4
Dodging        | 3 |  3.4
Fighting       | 2 |  2.4
Armour         | 1 |  1.4
Throwing       | |  1.7
Stealth        | |  0.8

Action                   |  1- 3 |  4- 6 || total
-------------------------+-------+-------++-------
Melee: War axe           |   116 |    72 ||   188
Throw: Throwing net      |       |     3 ||     3
  Use: Potion            |       |     9 ||     9
       Scroll            |       |     8 ||     8
 Stab: Sleeping          |     2 |       ||     2
  Eat: Chunk             |     2 |     3 ||     5
Armor: Ring mail         |    43 |     6 ||    49
       Leather armour    |     1 |       ||     1
       Chain mail        |       |    23 ||    23
Dodge: Dodged            |   109 |    40 ||   149
